 Dungeon Crawl Stone Soup version 0.22-a0-833-g8522bf8 (webtiles) character file.

205 Amnesiac the Digger (level 5, -4/35 HPs)
             Began as a Mummy Earth Elementalist on July 25, 2018.
             Killed from afar by Blork the orc (10 damage)
             ... with a puff of flame
             ... on level 4 of the Dungeon.
             The game lasted 00:03:41 (1171 turns).

Amnesiac the Digger (Mummy Earth Elementalist)      Turns: 1171, Time: 00:03:41

Health: -4/35      AC:  2    Str: 12    XL:     5   Next: 53%
Magic:  0/11       EV: 12    Int: 15    God:
Gold:   32         SH:  0    Dex: 12    Spells: 7/13 levels left

rFire    x . .     SeeInvis .   a - +0 hand axe (venom)
rCold    + . .     Gourm    .   (no shield)
rNeg     + + +     Faith    .   c - +0 robe
rPois    ∞         Spirit   +   (no helmet)
rElec    .         Reflect  .   (no cloak)
rCorr    .         Harm     .   (no gloves)
MR       .....                  (no boots)
Stlth    ++........             h - amulet of guardian spirit
HPRegen  0.11/turn              (no ring)
MPRegen  0.12/turn              (no ring)

@: no status effects
A: no food or potions, fire vulnerability, cold resistance 1, negative energy
resistance 3, torment resistance, unbreathing
a: no special abilities


You were on level 4 of the Dungeon.
You were not hungry.

You visited 1 branch of the dungeon, and saw 4 of its levels.

You collected 84 gold pieces.
You spent 52 gold pieces at shops.

Inventory:

Hand Weapons
 a - a +0 hand axe of venom (weapon)
 b - a +0 war axe of chopping
Missiles
 d - 22 stones (quivered)
Armour
 c - a +0 robe (worn)
Jewellery
 h - an amulet of guardian spirit (around neck)
Wands
 e - a wand of paralysis (18)
Scrolls
 j - a scroll of fog {!r}


   Skills:
 - Level 1.5 Dodging
 - Level 1.5 Stealth
 + Level 4.5 Spellcasting
 - Level 0.7 Transmutations
 * Level 4.5 Earth Magic


You had 7 spell levels left.
You knew the following spells:

 Your Spells              Type           Power        Failure   Level  Hunger
a - Sandblast             Erth           ###...       2%          1    N/A
b - Passwall              Tmut/Erth      ##......     9%          2    N/A
c - Stone Arrow           Conj/Erth      ##....       21%         3    N/A

Your spell library contained the following spells:

 Spells                   Type           Power        Failure   Level  Hunger
 Lee's Rapid Deconstruct  Erth           ###.......   58%         5    N/A
 Petrify                  Tmut/Erth      ##......     50%         4    N/A

Dungeon Overview and Level Annotations

Branches:
Dungeon (4/15)
 Temple: D:4-7

Altars:
Xom

Shops:
D:4 *

Annotations:
D:4 Blork the orc


Innate Abilities, Weirdness & Mutations

You do not eat or drink.
Your flesh is vulnerable to fire.
You are immune to poison.
Your flesh is cold resistant. (rC+)
You are immune to negative energy. (rN+++)
You are immune to unholy pain and torment.
You can survive without breathing.


Message History

Confirm with . or Enter, or press ? or * to list all spells.
Aiming: Sandblast (safe; 2% risk of failure)
Press: ? - help, Shift-Dir - straight line, f - Blork the orc
Aim: Blork the orc, wielding a war axe of electrocution and wearing a robe The blast of sand hits Blork the orc.
Blork the orc is heavily wounded.
d - 27 stones
Casting: Sandblast (safe; 2% risk of failure)
Confirm with . or Enter, or press ? or * to list all spells.
Aiming: Sandblast (safe; 2% risk of failure)
Press: ? - help, Shift-Dir - straight line, f/p - Blork the orc
Aim: Blork the orc, wielding a war axe of electrocution and wearing a robe (heavily wounded)
The blast of sand hits Blork the orc.
Blork the orc is severely wounded.
d - 26 stones
Casting: Sandblast (safe; 2% risk of failure)
Confirm with . or Enter, or press ? or * to list all spells.
Aiming: Sandblast (safe; 2% risk of failure)
Press: ? - help, Shift-Dir - straight line, f/p - Blork the orc
Aim: Blork the orc, wielding a war axe of electrocution and wearing a robe (severely wounded)
The blast of sand hits Blork the orc.
Blork the orc is severely wounded.
d - 25 stones Blork the orc closely misses you.
Casting: Sandblast (safe; 2% risk of failure)
Confirm with . or Enter, or press ? or * to list all spells.
Aiming: Sandblast (safe; 2% risk of failure)
Press: ? - help, Shift-Dir - straight line, f/p - Blork the orc
Aim: Blork the orc, wielding a war axe of electrocution and wearing a robe (severely wounded)
The blast of sand misses Blork the orc.
d - 24 stones Blork the orc gestures wildly while chanting.
Blork the orc flickers and vanishes!
Deactivating autopickup; reactivate with Ctrl-A.
Casting: Sandblast (safe; 2% risk of failure)
Confirm with . or Enter, or press ? or * to list all spells.
Aiming: Sandblast (safe; 2% risk of failure)
Press: ? - help, Shift-Dir - straight line, f - leopard gecko skeleton
Aim: a leopard gecko skeleton The blast of sand hits the leopard gecko skeleton.
You destroy the leopard gecko skeleton!
d - 23 stones You hear some strange, mumbled words.
A magic dart appears from out of thin air!
The magic dart hits you!
* * * LOW HITPOINT WARNING * * *
Casting: Sandblast (safe; 2% risk of failure)
Confirm with . or Enter, or press ? or * to list all spells.
You can't see any susceptible monsters within range! (Use Z to cast anyway.)
Casting: Sandblast (safe; 2% risk of failure)
Confirm with . or Enter, or press ? or * to list all spells.
Aiming: Sandblast (safe; 2% risk of failure)
Press: ? - help, Shift-Dir - straight line The blast of sand hits something.
d - 22 stones You hear some strange, mumbled words.
A magic dart appears from out of thin air!
The magic dart hits you!
* * * LOW HITPOINT WARNING * * *
You closely miss something.
You hear some strange, mumbled words.
A puff of flame appears from out of thin air!
The puff of flame hits you! The fire burns you terribly!
You die...

.# .... .#....
....#########.#..#.#####
.........?..............
..............).........
........................
........................
.......{................
#....@................
#.....................
#............$........
#..................... ######
#..................... #....#
#.................<... #....#
#..................... #....#
#.............†.).....
#....####.....................


There were no monsters in sight!

Vanquished Creatures
  4 orc priests
  An orc wizard (D:4)
  A worker ant (D:4)
  An adder (D:3)
  2 shadow imps (D:3)
  3 orcs (D:4)
  2 giant cockroaches (D:3)
  A goblin (D:3)
  A hobgoblin (D:3)
  2 frilled lizards (D:3)
  A leopard gecko skeleton (D:4)
  A rat (D:3)
20 creatures vanquished.

Notes
Turn   | Place    | Note
-------+----------+-------------------------------------------
     0 | D:1      | Amnesiac the Mummy Earth Elementalist began the quest for the Orb.
     0 | D:1      | Reached XP level 1. HP: 13/13 MP: 4/4
   123 | D:2      | You fall through a shaft!
   123 | D:3      | Found a transporter.
   126 | D:3      | Noticed an orc priest
   132 | D:3      | Noticed an orc priest
   132 | D:3      | Noticed an orc priest
   163 | D:3      | Found a transporter.
   193 | D:3      | Killed an orc priest
   193 | D:3      | Reached XP level 2. HP: 19/19 MP: 2/5
   193 | D:3      | Reached XP level 3. HP: 24/24 MP: 2/7
   519 | D:3      | Reached XP level 4. HP: 25/30 MP: 5/8
   604 | D:3      | Learned a level 2 spell: Passwall
   608 | D:3      | Learned a level 3 spell: Stone Arrow
   648 | D:3      | Found a shimmering altar of Xom.
  1041 | D:4      | Noticed Blork the orc
  1050 | D:4      | Reached XP level 5. HP: 35/35 MP: 0/11
  1064 | D:4      | Found Oceruibue's Assorted Antiques.
  1067 | D:4      | Bought a scroll labeled JIUXOZ BIFAO for 26 gold pieces
  1067 | D:4      | Bought a scroll labeled QIYROUN HIUTO for 26 gold pieces
  1171 | D:4      | Killed from afar by Blork the orc

Vault maps used:
D:1:      nicolae_arrival_somewhat_less_tricky_arrival, cheibriados_altar_1
D:2:      tso_altar, first_ration, chequers_ecumenical_altar_simple,
          uniq_natasha
D:3:      gammafunk_wand_slinger, xom_teletrap_fun
D:4:      nicolae_ossuary_entry_giza, serial_shops, kennysheep_mini_moat,
          glass_columns_a, nrook_mini_backslash, uniq_blork_the_orc

Skill      XL: |  1  2  3  4 |
---------------+-------------+-----
Earth Magic    | 3 4 |  4.5
Spellcasting   | 3 4 |  4.5
Dodging        | |  1.5
Stealth        | |  1.5
Transmutations | |  0.7

Action                   |  1- 3 |  4- 6 || total
-------------------------+-------+-------++-------
Melee: War axe           |     3 |    15 ||    18
       Hand axe          |       |     7 ||     7
 Cast: Sandblast         |    18 |    21 ||    39
  Use: Scroll            |     1 |     4 ||     5
 Stab: Sleeping          |     1 |     2 ||     3
Armor: Robe              |       |     6 ||     6
Dodge: Dodged            |     3 |    11 ||    14

Table legend:
 A = Spawn XP
 B = Non-spawn XP
 C = Spawn XP percentage of total XP
 D = Spawn monster count
 E = Non-spawn monster count
 F = Spawn count percentage of total count
 G = Total turns spent on level
                    A         B        C        D         E        F      G
               +---------+---------+-------+---------+---------+-------+---------
         Total |       0 |     294 |   0.0 |       0 |      20 |   0.0 |  1171
               +---------+---------+-------+---------+---------+-------+---------
           D:3 |       0 |     170 |   0.0 |       0 |      13 |   0.0 |   870
           D:4 |       0 |     124 |   0.0 |       0 |       7 |   0.0 |   168
               +---------+---------+-------+---------+---------+-------+---------
